 Dungeon Crawl Stone Soup version 0.24.0-10-g970556be89 (webtiles) character file.

Game seed: 7343401777243341940, levelgen mode: deterministic

76 theswoord the Cudgeler (level 4, -1/35 HPs)
             Began as a Demonspawn Monk on Nov 4, 2019.
             Slain by a centaur
             ... wielding a +0 rapier
              (6 damage)
             ... on level 2 of the Dungeon.
             The game lasted 00:02:44 (2214 turns).

theswoord the Cudgeler (Demonspawn Monk)            Turns: 2214, Time: 00:02:45

Health: -1/35      AC:  5    Str: 12    XL:     4   Next: 12%
Magic:  4/4        EV: 13    Int: 12    God:
Gold:   60         SH:  0    Dex: 15    Spells: 3/3 levels left

rFire    . . .     SeeInvis .   k - +0 whip
rCold    . . .     Gourm    .   (no shield)
rNeg     . . .     Faith    .   b - +0 robe
rPois    .         Spirit   .   (helmet restricted)
rElec    .         Reflect  .   f - +0 cloak
rCorr    .         Harm     .   (no gloves)
MR       .....                  (no boots)
Stlth    ++........             (no amulet)
HPRegen  0.11/turn              (no ring)
MPRegen  0.09/turn              (no ring)

@: no status effects
A: horns 2, slimy green scales 1
a: no special abilities


You were on level 2 of the Dungeon.
You were not hungry.

You visited 1 branch of the dungeon, and saw 2 of its levels.

You collected 60 gold pieces.

Inventory:

Hand Weapons
 a - a +0 mace
 k - a +0 whip (weapon)
Armour
 b - a +0 robe (worn)
 f - a +0 cloak (worn)
Scrolls
 g - a scroll of blinking
 m - 3 scrolls of teleportation
 n - a scroll of remove curse {unknown}
 p - a scroll of fear {unknown}
 r - 2 scrolls of identify {unknown}
Potions
 d - a potion of brilliance
 e - 2 potions of haste
 h - 2 potions of agility {unknown}
 i - a potion of resistance {unknown}
 j - a potion of might {unknown}
 l - a potion of degeneration {unknown}
 o - a potion of curing {unknown}
Comestibles
 c - 2 rations
 q - a chunk of flesh


   Skills:
 - Level 3.0 Fighting
 + Level 4.5 Maces & Flails
 - Level 2.6 Dodging
 - Level 1.7 Stealth


You had 3 spell levels left.
You didn't know any spells.
Your spell library was empty.

Dungeon Overview and Level Annotations

Branches:
Dungeon (2/15)

Altars:


Innate Abilities, Weirdness & Mutations

You have a pair of horns on your head.
You are partially covered in slimy green scales. (AC +2)


Message History

You hit the centaur but do no damage.
The centaur is severely wounded.
The centaur hits you with a +0 rapier.
You barely miss the centaur.
The frilled lizard hisses angrily.
You headbutt the centaur, but do no damage.
The centaur is severely wounded.
The centaur hits you with a +0 rapier!
You barely miss the centaur.
The centaur is severely wounded.
The centaur hits you with a +0 rapier. The centaur hits you with a +0 rapier!
* * * LOW HITPOINT WARNING * * *
You hit the centaur but do no damage. Your headbutt misses the centaur.
The centaur is severely wounded.
The centaur hits you with a +0 rapier!
* * * LOW HITPOINT WARNING * * *
You hit the centaur but do no damage.
The centaur is severely wounded.
The centaur hits you with a +0 rapier.
You die...

#.c...#.......# ..#
####.###cSl###.### ...#
#.......#.## #..# ....#
#.##.##.#.# #..# ....#
#..#<##...# #..# ....#
##.#......####.## ...## ##
#.#####c......#### ##. #.#
#.......#(.#############..
##>#####.......#@.#.#............
......##...)...c.....<....<......
......##............###..........
......##......####.## ######.#...
......##......# #.# #.#...
......######### #.# #.#...
......############># ##.#...
......#..........#.# #....#.
###.....รท##.#.##.#.# ####.##...


You could see a centaur.

Vanquished Creatures
  3 adders
  An ooze (D:1)
  2 dart slugs (D:1)
  4 leopard geckos
  2 ball pythons (D:2)
  A giant cockroach (D:1)
  5 goblins
  A hobgoblin (D:2)
  8 bats
  2 frilled lizards
  4 kobolds (D:1)
  3 rats
36 creatures vanquished.

Notes
Turn   | Place    | Note
-------+----------+-------------------------------------------
     0 | D:1      | theswoord the Demonspawn Monk began the quest for the Orb.
     0 | D:1      | Reached XP level 1. HP: 18/18 MP: 1/1
    78 | D:1      | Reached skill level 3 in Maces & Flails
   250 | D:1      | Gained mutation: You have a pair of small horns on your
                  | head. [demonic ancestry]
   250 | D:1      | Reached XP level 2. HP: 7/24 MP: 2/2
  1023 | D:2      | Gained mutation: You are partially covered in slimy green
                  | scales. (AC +2) [demonic ancestry]
  1023 | D:2      | Reached XP level 3. HP: 25/29 MP: 3/3
  1128 | D:2      | Reached skill level 4 in Maces & Flails
  1365 | D:2      | Noticed a centaur
  1578 | D:1      | HP: 1/29 [bat (1)]
  1579 | D:1      | Gained mutation: You have a pair of horns on your head.
                  | [demonic ancestry]
  1579 | D:1      | Reached XP level 4. HP: 2/35 MP: 4/4
  1583 | D:1      | HP: 1/35 [bat (1)]
  2214 | D:2      | Slain by a centaur

Skill      XL: |  1  2  3 |
---------------+----------+-----
Maces & Flails | 3 4 |  4.5
Fighting       | |  3.0
Dodging        | |  2.6
Stealth        | |  1.7

Action                   |  1- 3 |  4- 6 || total
-------------------------+-------+-------++-------
Melee: Mace              |    32 |       ||    32
       Whip              |    64 |    19 ||    83
       Headbutt          |    13 |     5 ||    18
  Use: Scroll            |     2 |       ||     2
       Potion            |     2 |       ||     2
 Stab: Sleeping          |     5 |       ||     5
  Eat: Chunk             |     2 |     2 ||     4
Armor: Robe              |    39 |     4 ||    43
Dodge: Dodged            |   111 |    17 ||   128

Levels and vault maps discovered:
D:1:      erik_arrival_cave_to_civilisation [erik_arrival_cave_to_hall],
          layout_basic, hangedman_decor_push
D:2:      kennysheep_six_static_rooms, layout_loops_cross,
          minmay_shallow_snake_nest
